 Dungeon Crawl Stone Soup version 0.21.1-1-g345015fe64 (webtiles) character file.

7453 Storetsch the Blocker (level 11, 0/60 HPs)
             Began as a Gargoyle Fighter on July 25, 2018.
             Was a Believer of Trog.
             Slain by a vampire (9 damage)
             ... on level 11 of the Dungeon on July 26, 2018.
             The game lasted 01:42:43 (11492 turns).

Storetsch the Blocker (Gargoyle Fighter)           Turns: 11492, Time: 01:42:43

Health: 0/60       AC: 18    Str: 25    XL:     11   Next: 15%
Magic:  11/11      EV: 10    Int: 15    God:    Trog [**....]
Gold:   556        SH: 13    Dex:  9    Spells: 10/10 levels left

rFire    . . .     SeeInvis .   L - +0 morningstar
rCold    + . .     Gourm    .   c - +0 shield
rNeg     + . .     Faith    .   b - +2 leather armour of Valour {Str+4 Int+4}
rPois    ∞         Spirit   .   o - +1 helmet
rElec    +         Reflect  .   e - +1 cloak
rCorr    .         Harm     .   (no gloves)
MR       +....                  (no boots)
Stlth    +.........             (no amulet)
HPRegen  0.20/turn              A - ring of protection from magic
MPRegen  0.12/turn              I - ring of protection from cold

@: no status effects
A: negative energy resistance 1, electricity resistance, unbreathing,
petrification resistance, rot immunity, AC +8
a: Berserk, Trog's Hand, Burn Spellbooks, Renounce Religion


You were on level 11 of the Dungeon.
You worshipped Trog.
Trog was pleased with you.
You were not hungry.

You visited 2 branches of the dungeon, and saw 12 of its levels.
You also visited: Ossuary.

You collected 556 gold pieces.

Inventory:

Hand Weapons
 a - a +1 flail
 h - a +0 blowgun
 L - a +0 morningstar (weapon)
Missiles
 n - 62 poisoned needles
 t - 18 tomahawks (quivered)
 H - 4 javelins
 M - 10 curare-tipped needles
Armour
 b - the +2 leather armour of Valour (worn) {Str+4 Int+4}
   (You found it on level 10 of the Dungeon)

   It affects your strength (+4).
   It affects your intelligence (+4).
 c - a +0 shield (worn)
 e - a +1 cloak (worn)
 o - a +1 helmet (worn)
 N - a +0 chain mail of fire resistance
 R - a +2 plate armour of cold resistance
Jewellery
 A - a ring of protection from magic (left hand)
 I - a ring of protection from cold (right hand)
 J - a +3 ring of strength
Wands
 d - a wand of paralysis (5)
 F - a wand of polymorph (9)
Scrolls
 i - 5 scrolls of amnesia
 j - a scroll of enchant weapon
 r - 3 scrolls of immolation
 s - a scroll of remove curse
 x - a scroll of random uselessness {unknown}
 y - 2 scrolls of magic mapping
 z - a scroll of blinking
 E - 6 scrolls of teleportation
Potions
 g - 4 potions of ambrosia
 q - 4 potions of curing
 u - 2 potions of cancellation
 v - a potion of berserk rage
 w - a potion of mutation
 B - 2 potions of lignification
 C - 2 potions of brilliance
 D - a potion of flight
Comestibles
 f - 7 rations
 k - 8 chunks of flesh


   Skills:
 - Level 3.2 Fighting
 + Level 11.6 Maces & Flails
 + Level 3.5 Throwing
 + Level 5.4 Armour
 - Level 12.1 Shields


You had 10 spell levels left.
You didn't know any spells.

Dungeon Overview and Level Annotations

Branches:
Dungeon (11/15)            Temple (1/1) D:7
   Lair: D:8-11         Orc: D:9-12

Altars:
Ashenzari
Cheibriados
Dithmenos
Elyvilon
Fedhas
Gozag
Hepliaklqana
Kikubaaqudgha
Makhleb
Nemelex Xobeh
Okawaru
Qazlal
Ru
Sif Muna
Trog
Uskayaw
Vehumet
Wu Jian
Xom
Yredelemnul
Zin
The Shining One

Shops:
D:5 [   D:6 :


Innate Abilities, Weirdness & Mutations

You are resistant to torment.
Your stone body is resilient. (AC +8)
You are immune to poison.
You resist negative energy. (rN+)
You are resistant to electric shocks. (rElec)
You can survive without breathing.
You are immune to petrification.
You are immune to rotting.


Message History

You hit something but do no damage.
Unholy energy fills the air.
You barely miss something. Something hits you! Something bites you.
You hit something. Something completely misses you.
You block something's attack.
You miss something. You sock something! Something hits you but does no damage.
Something bites you.
You closely miss something.
Unholy energy fills the air.
You barely miss something. You block something's attack.
Something bites you but does no damage.
You hit something. Something hits you.
* * * LOW HITPOINT WARNING * * *
Something bites you but does no damage.
You puncture something! Something hits you but does no damage.
Something bites you but does no damage.
You barely miss something.
Unholy energy fills the air.
* * * LOW HITPOINT WARNING * * *
You closely miss something.
A vampire appears from thin air!
Reactivating autopickup.
The vampire hits you!
You die...

### #@#
#V# #.#
#.# #.#
#.#
.{......#
.......>#
........#


You could see a vampire.

Vanquished Creatures
  2 two-headed ogres
  The ghost of R3TARD1AN the Summoner, a novice TeSu of Nemelex Xobeh (D:8)
  2 trolls
  2 hippogriffs
  Sigmund (D:2)
  A wyvern (D:8)
  2 hungry ghosts
  2 vampire mosquitoes (D:7)
  7 orc warriors
  2 ice beasts
  A black bear (D:7)
  3 phantoms
  3 sky beasts
  6 ogres
  A centaur (D:5)
  2 big kobolds
  An elf zombie (Ossuary)
  3 bullfrogs
  A wyvern skeleton (D:10)
  3 scorpions
  A howler monkey (D:4)
  5 hounds
  2 quasits
  2 human zombies (Ossuary)
  13 orc wizards
  Crazy Yiuf (D:7)
  3 jellies
  5 orc priests
  A gnoll shaman (D:10)
  3 bullfrog skeletons
  An iguana (D:10)
  3 worker ants
  3 big kobold zombies (Ossuary)
  A hound zombie (D:9)
  3 hound skeletons (D:4)
  2 mummies (Ossuary)
  A worker ant zombie (D:8)
  Robin (D:3)
  2 howler monkey skeletons
  5 gnolls (D:10)
  10 adders
  A shadow imp (D:7)
  An adder zombie (Ossuary)
  An adder skeleton (D:8)
  4 worms
  2 dart slugs
  6 leopard geckos
  38 orcs
  4 ball pythons
  6 bats
  2 giant cockroaches
  14 goblins
  11 hobgoblins
  6 jackals
  4 quokkas
  7 hobgoblin zombies (Ossuary)
  2 jackal zombies (Ossuary)
  20 kobolds
  13 kobold zombies (Ossuary)
  A leopard gecko skeleton (D:4)
  7 orc zombies (Ossuary)
  2 quokka zombies
  2 rats (D:3)
  A rat zombie (Ossuary)
269 creatures vanquished.

Notes
Turn   | Place    | Note
-------+----------+-------------------------------------------
     0 | D:1      | Storetsch the Gargoyle Fighter began the quest for the Orb.
     0 | D:1      | Reached XP level 1. HP: 14/14 MP: 1/1
   313 | D:1      | Reached XP level 2. HP: 12/19 MP: 2/2
   643 | D:1      | Reached skill level 4 in Shields
   643 | D:1      | Reached XP level 3. HP: 15/23 MP: 3/3
  1279 | D:2      | Noticed Sigmund
  1478 | D:2      | Killed Sigmund
  1478 | D:2      | Reached skill level 5 in Shields
  1478 | D:2      | Reached XP level 4. HP: 28/28 MP: 4/4
  1478 | D:2      | Reached XP level 5. HP: 32/32 MP: 5/5
  2004 | D:2      | Reached XP level 6. HP: 33/37 MP: 6/6
  2040 | D:2      | Found a bloodstained altar of Trog.
  2340 | D:3      | Noticed an orc warrior
  2367 | D:3      | Killed an orc warrior
  2367 | D:3      | Reached skill level 5 in Maces & Flails
  2367 | D:3      | Reached skill level 6 in Shields
  2389 | D:3      | Found a sparkling altar of Nemelex Xobeh.
  2944 | D:3      | Noticed Robin
  2958 | D:3      | Killed Robin
  3231 | D:4      | Reached XP level 7. HP: 38/41 MP: 7/7
  3258 | D:4      | Reached skill level 1 in Throwing
  3840 | D:4      | Found a hide-covered altar of Uskayaw.
  4130 | D:5      | Entered Level 5 of the Dungeon
  4130 | D:5      | Found a sand-covered staircase.
  4135 | Ossuary  | Entered an ossuary
  4343 | Ossuary  | Reached skill level 7 in Shields
  4377 | Ossuary  | Reached XP level 8. HP: 41/46 MP: 8/8
  4625 | D:5      | Got a scorched tin amulet
  4626 | D:5      | Identified the amulet "Qara" {Inacc +Inv rElec Int-4 Dex+4} (You found it on level 5 of the Dungeon)
  4915 | D:5      | Found Poamirch's Armour Boutique.
  4994 | D:5      | Reached skill level 8 in Shields
  5543 | D:6      | Noticed a two-headed ogre
  5554 | D:6      | Killed a two-headed ogre
  5554 | D:6      | Reached skill level 9 in Shields
  5554 | D:6      | Reached XP level 9. HP: 36/51 MP: 9/9
  6128 | D:6      | Found Gufoppigg's Book Shop.
  6135 | D:6      | Reached skill level 10 in Shields
  6831 | D:7      | Reached XP level 10. HP: 33/56 MP: 10/10
  6836 | D:7      | Reached skill level 11 in Shields
  6839 | D:7      | Reached skill level 10 in Maces & Flails
  7017 | D:7      | Found a runed door.
  7074 | D:7      | Found a staircase to the Ecumenical Temple.
  7082 | Temple   | Entered the Ecumenical Temple
  7314 | D:2      | Became a worshipper of Trog the Wrathful
  7974 | D:7      | Noticed Crazy Yiuf
  7988 | D:7      | Killed Crazy Yiuf
  8136 | D:8      | Noticed R3TARD1AN's ghost (novice TeSu)
  8176 | D:8      | Killed R3TARD1AN's ghost
  8286 | D:8      | Reached * piety under Trog
  8447 | D:8      | Noticed a two-headed ogre
  8791 | D:8      | Killed a two-headed ogre
  8791 | D:8      | Reached skill level 12 in Shields
  9177 | D:8      | Found a sacrificial altar of Ru.
  9178 | D:8      | Found a basalt altar of Yredelemnul.
  9196 | D:8      | Found a glowing silver altar of Zin.
  9198 | D:8      | Found a white marble altar of Elyvilon.
  9198 | D:8      | Found a glowing golden altar of the Shining One.
  9202 | D:8      | Found an iron altar of Okawaru.
  9203 | D:8      | Found an ancient bone altar of Kikubaaqudgha.
  9863 | D:9      | Reached XP level 11. HP: 48/60 MP: 11/11
 10460 | D:10     | Entered Level 10 of the Dungeon
 10518 | D:10     | Reached ** piety under Trog
 10629 | D:10     | Reached skill level 5 in Armour
 11136 | D:10     | Got a jewelled leather armour
 11147 | D:10     | Identified the +2 leather armour of Valour {Str+4 Int+4} (You found it on level 10 of the Dungeon)
 11244 | D:10     | Found a hazy altar of Hepliaklqana.
 11492 | D:11     | Slain by a vampire

Skill      XL: |  1  2  3  4  5  6  7  8  9 10 11 |
---------------+----------------------------------+-----
Shields        | 4 5 6 7 9 10 12 | 12.1
Maces & Flails | 4 5 6 8 9 11 | 11.6
Throwing       | 1 2 3 |  3.5
Armour         | 4 5 |  5.4
Fighting       | |  3.2

Action                   |  1- 3 |  4- 6 |  7- 9 | 10-12 || total
-------------------------+-------+-------+-------+-------++-------
Melee: Flail             |   113 |   195 |   477 |       ||   785
       Morningstar       |       |       |    64 |   519 ||   583
 Fire: Blowgun           |       |       |     8 |       ||     8
Throw: Stone             |     2 |    20 |    15 |    15 ||    52
       Tomahawk          |       |       |       |     4 ||     4
Invok: Berserk           |       |       |       |     5 ||     5
       Burn Spellbooks   |       |       |       |     2 ||     2
       Trog's Hand       |       |       |       |     1 ||     1
  Use: Scroll            |     4 |     3 |     8 |     8 ||    23
       Potion            |       |       |     6 |     2 ||     8
 Stab: Invisible         |       |       |     1 |     1 ||     2
  Eat: Ration            |     1 |     1 |     2 |     5 ||     9
       Chunk             |     1 |     1 |     5 |    11 ||    18
Armor: Scale mail        |    74 |    96 |   155 |       ||   325
       Chain mail        |       |       |    79 |   224 ||   303
       Plate armour      |       |       |    10 |    35 ||    45
       Leather armour    |       |       |       |    22 ||    22
Dodge: Dodged            |    37 |    31 |   130 |    93 ||   291
Block: Shield            |    38 |    29 |   274 |   312 ||   653
       Large shield      |    27 |   139 |       |       ||   166
